 Dungeon Crawl Stone Soup version 0.30.1-11-g7821555f0a (webtiles) character file.

Game seed: 17952354570601112959

137 Martska the Trooper (level 5, -2/42 HPs)
             Began as a Demonspawn Fighter on Dec 14, 2023.
             Killed by nerve-wracking pain
             ... invoked by an orc priest
              (12 damage)
             ... on level 4 of the Dungeon.
             The game lasted 00:02:35 (2554 turns).

Martska the Trooper (Demonspawn Fighter)            Turns: 2554, Time: 00:02:35

Health: -2/42      AC:  6    Str: 18    XL:     5   Next: 0%
Magic:  5/5        EV: 10    Int: 10    God:
Gold:   17         SH:  5    Dex: 18    Spells: 4/4 levels left

rFire   . . .        a - +0 war axe
rCold   . . .        c - +0 buckler
rNeg    . . .        b - +0 scale mail
rPois   .            (no helmet)
rElec   .            (no cloak)
rCorr   .            (no gloves)
SInv    .            (no boots)
Will    .....        (no amulet) Stlth
                     j - +6 ring of dexterity
HPRegen 0.27/turn    (no ring)
MPRegen 0.09/turn

%: no passive effects
@: mighty
A: claws 2, foul stench 1
a: no special abilities


You were on level 4 of the Dungeon.
You visited 1 branch of the dungeon, and saw 4 of its levels.

You collected 137 gold pieces.
You spent 120 gold pieces at shops.

Inventory:

Hand Weapons
 a - a +0 war axe (weapon)
Armour
 b - a +0 scale mail (worn)
 c - a +0 buckler (worn)
 s - a +0 ring mail of positive energy
Jewellery
 j - a +6 ring of dexterity (left claw)
 k - an amulet of faith
Scrolls
 g - 2 scrolls of identify
 h - a scroll of poison {unknown}
 m - a scroll of noise {unknown}
 o - a scroll of vulnerability {unknown}
 p - a scroll of acquirement {unknown}
 r - a scroll of amnesia {unknown}
Potions
 d - a potion of might
 e - 2 potions of lignification {unknown}
 f - a potion of haste {unknown}
 i - a potion of flight {unknown}
 l - a potion of curing {unknown}
 n - a potion of berserk rage {unknown}
 q - a potion of ambrosia
 t - a potion of heal wounds {unknown}


   Skills:
 * Level 3.9 Fighting
 - Level 1.7 Axes
 + Level 3.1 Armour
 * Level 2.2 Dodging
 - Level 2.8 Shields
 * Level 1.7 Unarmed Combat


You had 4 spell levels left.
You didn't know any spells.
Your spell library contained the following spells:

 Spells                   Type           Power      Damage    Failure   Level
 Portal Projectile        Hex/Tloc       0%         N/A       99%         3
 Tukima's Dance           Hex            0%         N/A       99%         3
 Blade Hands              Tmut           0%         N/A       100%        5


Dungeon Overview and Level Annotations

Branches:
Dungeon (4/15)
 Temple: D:4-7

Altars:
Ashenzari

Shops:
D:3 (**?!


Innate Abilities, Weirdness & Mutations

You have very sharp fingernails.
You may rarely emit foul miasma when damaged in melee.


Message History

You are too injured to fight recklessly!
You are too injured to fight recklessly!
The orc attacks as you move away! The orc hits you with a +0 hand axe.
There is a stone staircase leading up here.
The orc closely misses you.
The orc priest calls down the wrath of Beogh upon you.
Beogh smites you!
* * * LOW HITPOINT WARNING * * *
You climb upwards.
There is a stone staircase leading down here.
You slash the orc!
You kill the orc!
You have reached level 5!
Your demonic ancestry asserts itself...
Your fingernails sharpen.
You start resting.
HP restored.
You start waiting.
Done waiting.
You feel agile.
j - a +6 ring of dexterity (left claw)
You feel very mighty all of a sudden.
You climb downwards.
You hear the hiss of flowing sand.
There is an entrance to an ossuary on this level.
Hurry and find it before the portal is buried!
You hear the slow hiss of a distant avalanche of sand.
The ogre hits you with a +0 giant spiked club!!
Ouch! That really hurt!
There is a stone staircase leading up, spattered with blood here.
You slash the ogre!
The ogre is moderately wounded.
You slash the orc!
You kill the orc!
The orc priest calls down the wrath of Beogh upon you.
Pain shoots through your body!
* * * LOW HITPOINT WARNING * * *
The ogre misses you.
The orc priest invokes the aid of Beogh against you.
Pain shoots through your body!
You die...

###....#.≈≈>
..#....#.≈≈§
#.#......≈≈§
#.#........§
#.#......§§§
#...........
#.oo...o....
##).####.####
#O@........
############
..


You could see an ogre, an orc priest and an orc.

Vanquished Creatures
  Jessica (D:2)
  Terence (D:3)
  4 adders
  4 orcs
  4 bats
  4 endoplasms
  3 giant cockroaches
  A goblin (D:2)
  3 hobgoblins
  4 jackals
  3 quokkas
  3 ball pythons
  4 frilled lizards
  2 kobolds (D:3)
  8 rats
49 creatures vanquished.

Notes
Turn   | Place    | Note
-------+----------+-------------------------------------------
     0 | D:1      | Martska the Demonspawn Fighter began the quest for the Orb.
     0 | D:1      | Reached XP level 1. HP: 18/18 MP: 1/1
   370 | D:1      | You fall into a shaft and drop 1 floor!
   381 | D:2      | Reached skill level 1 in Dodging
   381 | D:2      | Gained mutation: You have sharp fingernails. [demonic
                  | ancestry]
   381 | D:2      | Reached XP level 2. HP: 23/24 MP: 2/2
   578 | D:1      | Reached XP level 3. HP: 28/29 MP: 3/3
   654 | D:1      | Found a faded altar of an unknown god.
   988 | D:2      | Reached skill level 1 in Unarmed Combat
  1064 | D:2      | Noticed Jessica
  1070 | D:2      | Killed Jessica
  1071 | D:2      | Gained mutation: You may rarely emit foul miasma when
                  | damaged in melee. [demonic ancestry]
  1071 | D:2      | Reached XP level 4. HP: 20/37 MP: 4/4
  1189 | D:3      | Found Etsuvearr's Weapon Shop.
  1474 | D:3      | Found Gimar's General Store.
  1479 | D:3      | Found Geih's Distillery.
  1497 | D:3      | Bought a potion of ambrosia for 96 gold pieces
  1502 | D:3      | Noticed Terence
  1512 | D:3      | Killed Terence
  1826 | D:3      | Found Bihyukhliqut's General Store.
  2079 | D:3      | Found a faded altar of an unknown god.
  2083 | D:3      | Found a broken altar of Ashenzari.
  2175 | D:3      | Found Bungam's Magic Scroll Boutique.
  2182 | D:3      | Bought a scroll of identify for 24 gold pieces
  2314 | D:4      | Noticed an ogre
  2325 | D:3      | Gained mutation: You have very sharp fingernails. [demonic
                  | ancestry]
  2325 | D:3      | Reached XP level 5. HP: 8/42 MP: 5/5
  2554 | D:4      | Killed from afar by an orc priest

Illustrated notes

Levels and vault maps discovered:
D:1:      tarquinn_simple_flora_water_f, layout_basic,
          hellmonk_ecumenical_altar_heavens_door
D:2:      layout_rooms, uniq_jessica
D:3:      layout_basic, nicolae_overflow_ecumenical_swirl, serial_corexii_hall,
          chequers_hall_statues_wall_a, corexii_hall_statues_x,
          corexii_hall_statues_x, corexii_hall_statues_t, serial_shops, shop,
          shop, nicolae_shop_hallway_plus, nicolae_shop_industrial_runoff,
          nicolae_shop_waterfront, uniq_terence
D:4:      layout_cave_pools, general_overflow_altar, amcnicky_altar_gilded,
          serial_co_window_serial, co_window_corner_a, co_window_paths_b,
          co_window_paths_a, co_window_corner_a, co_window_paths_a,
          co_window_of_opportunity_c, co_window_broadway_c, co_window_paths_c,
          co_window_corner_b, co_window_corner_b, co_window_4corner_a,
          co_window_paths_e, glass_columns_a, glass_columns_b, glass_columns_b,
          glass_columns_a, glass_columns_b, gup_ossuary_entry_pyramid,
          grunt_tough_drop

Skill      XL: |  1  2  3  4 |
---------------+-------------+-----
Dodging        | 1 2 |  2.2
Unarmed Combat | 1 |  1.7
Armour         | 3 |  3.1
Fighting       | |  3.9
Axes           | |  1.7
Shields        | |  2.8

Action                     |  1- 3 |  4- 6 || total
---------------------------+-------+-------++-------
  Melee: War axe           |    87 |    52 ||   139
    Use: Potion            |       |     1 ||     1
 Armour: Scale mail        |    41 |    22 ||    63
  Dodge: Dodged            |    36 |    27 ||    63
  Block: Buckler           |    26 |    11 ||    37
